 Dungeon Crawl Stone Soup version 0.32-a0-361-g289a535e89 (webtiles) character file.

Game seed: 12443147371453901608

112505 marten the Fetichist (level 16, -4/133 HPs)
             Began as a Coglin Chaos Knight on Feb 18, 2024.
             Was the Champion of Wu Jian.
             Slain by a demonic crawler (14 damage)
             ... on level 3 of the Spider Nest.
             The game lasted 00:41:21 (21346 turns).

marten the Fetichist (Coglin Chaos Knight)         Turns: 21346, Time: 00:41:21

Health: -4/133     AC: 18    Str: 11 (13) XL:     16   Next: 60%
Magic:  16/16      EV: 18    Int: 13      God:    Wu Jian [******]
Gold:   1418       SH:  0    Dex: 19 (20) Spells: 15/15 levels left

rFire   . . .        a - +7 scimitar {Vicente}
rCold   . . .        e - +6 scimitar {Seojun}
rNeg    . . .        i - +2 ring mail {rPois}
rPois   +            h - +2 helmet
rElec   +            j - +2 cloak
rCorr   .            U - -2 pair of gloves of the Contumacious God {rElec Will+}
SInv    .            L - +0 pair of boots {rampage}
Will    ++...        f - amulet of regeneration
Stlth   +            z - +4 ring of slaying
HPRegen 1.22/turn    K - +4 ring of slaying
MPRegen 0.15/turn

%: clarity, rampage
@: about to teleport, revving, stiff-legged, very slow
A: off-hand wielding, slow wielding, warmup strikes, warmup strides, clarity,
mutation resistance 1, persistent drain
a: Renounce Religion, Wall Jump, Serpent's Lash, Heavenly Storm


You were on level 3 of the Spider Nest.
You worshipped Wu Jian.
Wu Jian was exalted by your worship.
You visited 5 branches of the dungeon, and saw 26 of its levels.
You also visited: Bailey.

You collected 2851 gold pieces.
You spent 1433 gold pieces at shops.

Inventory:

Hand Weapons
 a - a +7 scimitar (weapon) {Vicente}
 e - a +6 scimitar (worn) {Seojun}
Missiles
 W - a throwing net
Armour
 h - a +2 helmet (worn)
 i - a +2 ring mail of poison resistance (worn)
 j - a +2 cloak (worn)
 L - a +0 pair of boots of rampaging (worn)
 U - the -2 pair of gloves of the Contumacious God (worn) {rElec Will+}
   (You found it on level 14 of the Dungeon)

   rElec:     It insulates you from electricity.
   Will+:     It increases your willpower.
Jewellery
 d - an amulet of guardian spirit
 f - an amulet of regeneration (around neck)
 g - a ring of ice
 s - the ring of Accord {Wiz rF+}
   (You found it on level 1 of the Lair of Beasts)

   [ring of wizardry]

   Wiz:       It improves your spell success rate.
   rF+:       It protects you from fire.
 t - a ring of protection from fire
 y - a ring of willpower
 z - a +4 ring of slaying (left grasper)
 K - a +4 ring of slaying (right grasper)
 N - a +4 ring of protection
 O - the ring "Vit Myck" {rC+ Stlth+}
   (You found it on level 12 of the Dungeon)

   [ring of protection from cold]

   rC+:       It protects you from cold.
   Stlth+:    It makes you more stealthy.
 P - an amulet of the acrobat
 S - a ring of ice
 V - a ring of protection from fire
 Z - a ring of magical power
Wands
 A - a wand of roots (22)
 B - a wand of flame (11) (quivered)
 H - a wand of paralysis (19)
Scrolls
 b - a scroll of fog
 k - a scroll of poison
 m - 3 scrolls of amnesia
 n - a scroll of silence
 o - 2 scrolls of immolation
 q - 2 scrolls of revelation
 v - 5 scrolls of teleportation
 F - 3 scrolls of enchant armour
 Q - 2 scrolls of vulnerability
Potions
 l - 4 potions of brilliance
 p - a potion of berserk rage
 u - 6 potions of haste
 w - 2 potions of enlightenment
 x - 3 potions of attraction {unknown}
 C - 5 potions of mutation {unknown}
 D - a potion of invisibility
 G - a potion of lignification
 I - 2 potions of curing
 J - 2 potions of magic
 R - 3 potions of heal wounds {unknown}
 T - 2 potions of resistance {unknown}
 X - a potion of might
 Y - a potion of cancellation
Miscellaneous
 r - a tin of tremorstones (2/2)
 E - a box of beasts
 M - a phantom mirror


   Skills:
 + Level 14.2 Fighting
 - Level 14.0 Long Blades
 + Level 12.5 Armour
 + Level 12.7 Dodging
 + Level 15.4 Evocations


You had 15 spell levels left.
You didn't know any spells.
Your spell library contained the following spells:

 Spells                   Type           Power      Damage    Failure   Level
 Freeze                   Ice            0%         1d3       52%         1
 Kiss of Death            Conj/Necr      0%         2d5       52%         1
 Magic Dart               Conj           0%         1d3       52%         1
 Necrotise                Necr           0%         1d4       52%         1
 Slow                     Hex            0%         N/A       52%         1
 Blink                    Tloc           0%         N/A       65%         2
 Call Imp                 Summ           0%         N/A       65%         2
 Ensorcelled Hibernation  Hex/Ice        0%         N/A       65%         2
 Lesser Beckoning         Tloc           0%         N/A       65%         2
 Momentum Strike          Conj/Tloc      0%         3d8       65%         2
 Confusing Touch          Hex            0%         N/A       87%         3
 Dazzling Flash           Conj/Hex       0%         N/A       87%         3
 Frozen Ramparts          Ice            0%         1d1       87%         3
 Gell's Gravitas          Tloc           0%         N/A       87%         3
 Hailstorm                Conj/Ice       0%         3d5       87%         3
 Inner Flame              Hex/Fire       0%         N/A       87%         3
 Passwall                 Erth           0%         N/A       87%         3
 Sigil of Binding         Hex            0%         N/A       87%         3
 Swiftness                Air            0%         N/A       87%         3
 Teleport Other           Tloc           0%         N/A       87%         3
 Vampiric Draining        Necr           0%         2d6       87%         3
 Volatile Blastmotes      Fire/Tloc      0%         2d10      87%         3
 Anguish                  Hex/Necr       0%         N/A       99%         4
 Cause Fear               Hex            0%         N/A       99%         4
 Dispel Undead            Necr           0%         3d6       99%         4
 Martyr's Knell           Necr/Summ      0%         N/A       99%         4
 Vhi's Electric Charge    Tloc/Air       0%         N/A       99%         4
 Arcjolt                  Conj/Air       0%         1d10      100%        5
 Irradiate                Conj/Alch      0%         3d11      100%        5
 Starburst                Conj/Fire      0%         6d3       100%        6
 Enfeeble                 Hex            0%         N/A       100%        7
 Malign Gateway           Summ/Tloc      0%         N/A       100%        7
 Ignition                 Fire           0%         3d3       100%        8
 Maxwell's Capacitive Co  Air            0%         ∞         100%        8
 Summon Horrible Things   Summ           0%         N/A       100%        8
 Shatter                  Erth           0%         3d5*      100%        9


Dungeon Overview and Level Annotations

Branches:
Dungeon (15/15)            Temple (1/1) D:6            Lair (5/5) D:11
 Shoals (0/4) Lair:3       Spider (3/4) Lair:2        Slime (0/5) Lair:5
    Orc (2/2) D:11            Elf (0/3) Orc:2        Vaults (0/5) D:13
 Depths (0/4) D:15         Bailey (visited)

Altars:
Ashenzari
Cheibriados
Dithmenos
Elyvilon
Fedhas
Gozag
Hepliaklqana
Kikubaaqudgha
Makhleb
Nemelex Xobeh
Okawaru
Qazlal
Ru
Sif Muna
Trog
Uskayaw
Vehumet
Wu Jian
Xom
Yredelemnul
Zin
The Shining One
Beogh

Shops:
D:3 *   D:5 *   D:9 *   D:12 *   Orc:1 =   Orc:2 =[:[

Portals:
Hell: Lair:5

Annotations:
Lair:3 2 transporters, Posi's ghost, journeyman MDFi


Innate Abilities, Weirdness & Mutations

You can wield a second weapon in your off-hand.
It takes a long time for you to wield or remove held weapons.
Your first few attacks do less damage.
Your first movements take longer.
You possess an exceptional clarity of mind.
You are somewhat resistant to further mutation.
Your health recovers twice as slowly from being drained.


Message History

The spark wasp is severely wounded.
You hit the spark wasp with your +7 scimitar.
The spark wasp stings you! The spark wasp shocks you. You resist.
The spark wasp stings you! The spark wasp shocks you. You resist.
The spark wasp stings you!! The spark wasp shocks you. You resist.
* * * LOW HITPOINT WARNING * * *
The demonic crawler hits you.
* * * LOW HITPOINT WARNING * * *
The demonic crawler barely misses you.
The demonic crawler hits you but does no damage.
As you read the scroll of fear, it crumbles to dust.
You assume a fearsome visage.
The spark wasp looks frightened!
The demonic crawler easily resists.
The demonic crawler resists with almost no effort.
The demonic crawler closely misses you.
The demonic crawler hits you but does no damage. x2
The demonic crawler hits you!
* * * LOW HITPOINT WARNING * * *
The demonic crawler completely misses you.
The demonic crawler hits you.
* * * LOW HITPOINT WARNING * * *
An orb spider comes into view.
As you read the scroll of teleportation, it crumbles to dust.
You feel strangely unstable.
The orb spider's many legs skitter faintly.
The demonic crawler barely misses you. The demonic crawler hits you.
* * * LOW HITPOINT WARNING * * *
The demonic crawler barely misses you.
The demonic crawler hits you but does no damage.
The demonic crawler hits you.
* * * LOW HITPOINT WARNING * * *
The demonic crawler completely misses you.
The demonic crawler closely misses you. x2
The demonic crawler completely misses you.
You feel better. The demonic crawler hits you!
* * * LOW HITPOINT WARNING * * *
The demonic crawler misses you.
The demonic crawler barely misses you. x3
The demonic crawler hits you but does no damage.
The demonic crawler hits you!
You die...

# #.....# #### #. #.....
##..# #..###..### ###...#
#^..<.††..### ##...####
#.....†.#††..###.†..#..#
#...####>.###...#..##....#
##. ####....##...#..#.#
##..#....###..### #
#s@##......##..#
#..#.s##..##...####
#.....#########
#..#.......#
#.^.).#.....## #y..#.
..#s... ###### ###...# #..
..


You could see a spark wasp (fleeing), 2 demonic crawlers and an orb spider.

Vanquished Creatures
  Arachne (Spider:2)
  Rupert (Lair:3)
  A ghost moth (Spider:2)
  A quicksilver ooze (Lair:5)
  An orc warlord (D:12)
  2 dire elephants (Lair:5)
  A minotaur (D:14)
  A fire dragon (D:12)
  An entropy weaver (Spider:1)
  6 hydras
  An ogre mage (D:13)
  A rakshasa (D:13)
  2 sphinx zombies (D:15)
  5 centaur warriors
  2 death knights
  5 two-headed ogres
  6 boulder beetles
  2 tengu warriors (D:13)
  7 death yaks
  3 demonic crawlers (Spider:1)
  2 occultists
  5 orc high priests
  Urug (Lair:3)
  A sun demon (Lair:5)
  2 pharaoh ants
  3 skeletal warriors
  2 skysharks (Lair:2)
  A storm dragon skeleton (D:15)
  2 orb spiders (Spider:2)
  A flayed ghost (D:15)
  4 steelbarb worms
  Pikel (D:8)
  A necromancer (D:15)
  2 orc knights
  A phantasmal warrior (D:14)
  8 ugly things
  3 orc sorcerers (Orc:2)
  3 wolf spiders
  2 deep elf pyromancers
  5 cyclopes
  3 manticores
  A manticore (shapeshifter) (D:15)
  A moth of wrath (Spider:1)
  4 meliai
  Joseph (D:8)
  A merfolk siren (Lair:3)
  4 elephants (Lair:5)
  2 black mambas
  An orange demon (Lair:5)
  A smoke demon (Lair:5)
  5 torpor snails
  4 gargoyles
  2 freezing wraiths (D:14)
  12 cane toads
  2 kobold demonologists (D:10)
  A yaktaur (D:15)
  Jeremiah (D:7)
  An efreet (D:14)
  6 rime drakes
  9 komodo dragons
  A tengu conjurer (D:13)
  4 ice devils (Lair:5)
  5 trolls
  A red devil (Lair:5)
  7 tarantellas
  3 polar bears
  A merfolk (Lair:3)
  17 blink frogs
  2 dream sheep (Lair:1)
  A hornet (Lair:4)
  5 slime creatures
  9 jumping spiders
  7 culicivoras
  A spriggan (Lair:2)
  2 wraiths
  44 yaks
  A shadow (D:9)
  A vampire (D:10)
  4 wyverns
  2 yaks (shapeshifter)
  A steam dragon (D:8)
  6 basilisks
  18 redbacks
  5 vampire mosquitoes
  Menkaure (D:5)
  A two-headed ogre zombie (D:11)
  2 acid dragons
  14 water moccasins
  4 hell hounds (Lair:5)
  Duvessa (D:5)
  28 orc warriors
  10 ice beasts
  2 sky beasts (D:6)
  3 black bears
  2 laughing skulls (D:14)
  8 ogres
  An ogre (shapeshifter) (D:13)
  13 centaurs
  12 wolves
  2 lemures (D:8)
  4 phantoms
  6 kobold brigands
  11 bullfrogs
  2 scorpions (D:5)
  A gnoll sergeant (D:6)
  4 wights (D:10)
  Dowan (D:5)
  2 troll zombies (D:11)
  5 killer bees (D:10)
  5 howler monkeys
  3 electric eels
  A centaur zombie (D:6)
  A bullfrog zombie (D:6)
  3 bullfrog skeletons (D:6)
  2 bombardier beetles
  5 hounds
  6 jellies
  36 orc priests
  An iguana (D:6)
  A centaur skeleton (D:6)
  5 hell rats (Lair:1)
  37 orc wizards
  5 ogre zombies (D:11)
  2 howler monkey zombies (D:6)
  Robin (D:2)
  4 adders
  6 gnolls
  A shadow imp (D:6)
  A white imp (D:5)
  4 ufetubi (D:6)
  3 dart slugs
  78 orcs
  3 endoplasms
  A giant cockroach (D:3)
  2 gnoll zombies (D:11)
  9 goblins
  5 hobgoblins
  4 jackals (D:2)
  2 quokkas
  3 ball pythons
  12 bats
  8 frilled lizards
  3 gnoll skeletons (D:11)
  27 kobolds
  2 orc skeletons (D:11)
  18 orc zombies (D:11)
  6 rats
766 creatures vanquished.

Vanquished Creatures (collateral kills)
  A hydra (D:14)
  An orc knight (Bailey)
  An orc (D:6)
3 creatures vanquished.

Vanquished Creatures (others)
  An efreet (D:13)
  A jumping spider (Spider:1)
  A redback (Spider:1)
  2 orc zombies
  A kobold (D:10)
6 creatures vanquished.

Grand Total: 775 creatures vanquished

Notes
Turn   | Place    | Note
-------+----------+-------------------------------------------
     0 | D:1      | marten the Coglin Chaos Knight began the quest for the Orb.
     0 | D:1      | Reached XP level 1. HP: 18/18 MP: 1/1
   125 | D:1      | XOM: divination: detect items
   130 | D:1      | Reached XP level 2. HP: 24/24 MP: 2/2
   227 | D:1      | XOM: silly message
   593 | D:2      | Reached XP level 3. HP: 22/29 MP: 3/3
   602 | D:2      | Reached skill level 5 in Long Blades
   602 | D:2      | Reached XP level 4. HP: 34/35 MP: 4/4
   607 | D:2      | Noticed Robin
   614 | D:2      | Killed Robin
   622 | D:2      | XOM: divination: magic mapping
   844 | D:2      | Reached XP level 5. HP: 41/41 MP: 5/5
   958 | D:2      | XOM: 1-stop teleportation journey
   969 | D:2      | You fall into a shaft and drop 1 floor!
  1393 | D:3      | XOM: smoke on damage
  1571 | D:3      | XOM: smoke on damage
  1663 | D:3      | XOM: 5-stop teleportation journey
  1726 | D:3      | XOM: scenery: create altars
  1908 | D:3      | Found Vupte's General Store.
  1979 | D:3      | Reached XP level 6. HP: 46/47 MP: 6/6
  2054 | D:3      | XOM: give mutations
  2054 | D:3      | Gained mutation: Your muscles are strong. (Str +4, Int/Dex
                  | -1) [Xom's mischief]
  2054 | D:3      | Lost mutation: Your muscles are strong. (Str +4, Int/Dex
                  | -1) [Xom's mischief]
  2054 | D:3      | Gained mutation: You are partially covered in iridescent
                  | scales. (AC +2) [Xom's mischief]
  2366 | D:4      | XOM: 1-stop teleportation journey
  2443 | D:4      | XOM: silly message
  2445 | D:4      | Reached XP level 7. HP: 52/52 MP: 7/7
  2664 | D:4      | XOM: draining
  2755 | D:5      | Entered Level 5 of the Dungeon
  2756 | D:5      | XOM: swap monsters
  2765 | D:5      | Noticed Menkaure
  2770 | D:5      | Killed Menkaure
  2837 | D:5      | XOM: enchant monster (bad)
  2845 | D:5      | XOM: snakes to sticks
  2908 | D:5      | XOM: summons 6 friendly demons
  2942 | D:5      | Reached XP level 8. HP: 41/58 MP: 8/8
  2968 | D:5      | Found Ufres's Assorted Antiques.
  3008 | D:5      | Bought a scroll labelled ZAPSUMM PIOHO for 26 gold pieces
  3008 | D:5      | Bought a scroll labelled YSALIUBBYST for 26 gold pieces
  3008 | D:5      | Bought a murky golden potion for 23 gold pieces
  3046 | D:5      | Reached skill level 10 in Long Blades
  3065 | D:5      | XOM: fake destruction
  3071 | D:5      | Reached skill level 1 in Dodging
  3288 | D:5      | XOM: noise
  3353 | D:5      | Found a blossoming altar of Fedhas.
  3362 | D:5      | Found a bloodstained altar of Trog.
  3381 | D:5      | Noticed Duvessa
  3381 | D:5      | Noticed Dowan
  3395 | D:5      | Killed Duvessa
  3399 | D:5      | XOM: confuse monster(s)
  3406 | D:5      | Killed Dowan
  3517 | D:5      | XOM: confuse monster(s)
  3537 | D:5      | XOM: enchant monster (good)
  3757 | D:5      | XOM: silly message
  3857 | D:6      | Reached XP level 9. HP: 60/65 MP: 9/9
  3871 | D:6      | XOM: give mutations
  3871 | D:6      | Gained mutation: You possess an exceptional clarity of
                  | mind. [Xom's mischief]
  3871 | D:6      | Gained mutation: Your health recovers twice as slowly from
                  | being drained. [Xom's mischief]
  4144 | D:6      | XOM: summons 1 hostile demon
  4237 | D:6      | XOM: cleaving
  4288 | D:6      | Found a staircase to the Ecumenical Temple.
  4301 | D:6      | XOM: cloud trail
  4330 | Temple   | Entered the Ecumenical Temple
  4340 | Temple   | Fell from the grace of Xom
  4340 | Temple   | Became a worshipper of the Wu Jian Council
  4493 | D:6      | Reached skill level 5 in Fighting
  4534 | D:7      | Found a flagged portal.
  4539 | Bailey   | Entered a bailey
  4618 | Bailey   | Found a large runed translucent door.
  4618 | Bailey   | Found a large runed translucent door.
  4677 | Bailey   | Noticed an orc knight
  4702 | Bailey   | Killed an orc knight
  4704 | Bailey   | Killed an orc knight
  4757 | Bailey   | Noticed a deep elf pyromancer
  4771 | Bailey   | Reached XP level 10. HP: 63/76 MP: 10/10
  4854 | Bailey   | XOM: chaos upgrade
  4859 | Bailey   | Killed a deep elf pyromancer
  4873 | Bailey   | Identified the +1 pair of boots "Paculeop" {rF- rN+ Will++
                  | Stlth+}
  5144 | D:7      | Reached * piety under Wu Jian
  5341 | D:7      | Noticed Jeremiah
  5354 | D:7      | Killed Jeremiah
  5355 | D:7      | Reached skill level 5 in Dodging
  5543 | D:7      | XOM: give mutations
  5543 | D:7      | Gained mutation: You are clumsy. (Dex -2) [Xom's mischief]
  5543 | D:7      | Gained mutation: Your flesh is heat resistant. (rF+) [Xom's
                  | mischief]
  5543 | D:7      | Lost mutation: You are partially covered in iridescent
                  | scales. (AC +2) [Xom's mischief]
  5700 | D:8      | Noticed Pikel
  5719 | D:8      | Killed Pikel
  5750 | D:8      | Noticed a white ugly thing
  5822 | D:9      | Found Hatonas's General Store.
  6103 | D:9      | Reached XP level 11. HP: 50/84 MP: 11/11
  6107 | D:9      | XOM: summons 7 hostile demons
  6462 | D:8      | Reached ** piety under Wu Jian
  6470 | D:8      | Noticed Joseph
  6574 | D:10     | Entered Level 10 of the Dungeon
  6784 | D:10     | Noticed a sixfirhy
  6797 | D:10     | Noticed a soul eater
  6923 | D:10     | Found a shimmering blue altar of Sif Muna.
  6927 | D:10     | Found a shadowy altar of Dithmenos.
  7376 | D:8      | Killed Joseph
  7807 | D:8      | Killed a white ugly thing
  8192 | D:11     | Noticed a boulder beetle
  8257 | D:11     | XOM: polymorph orc priest -> meliai
  8260 | D:11     | Noticed a two-headed ogre
  8266 | D:11     | Noticed a red ugly thing
  8287 | D:10     | Killed a red ugly thing
  8403 | D:10     | XOM: noise
  8435 | D:11     | Reached *** piety under Wu Jian
  8446 | D:11     | Found a staircase to the Lair.
  8449 | D:11     | Noticed a cyclops
  8457 | D:11     | Noticed a manticore
  8538 | D:11     | Killed a boulder beetle
  8579 | D:11     | Found a staircase to the Orcish Mines.
  8603 | D:11     | Killed a cyclops
  8611 | D:11     | Killed a manticore
  8649 | D:11     | Reached XP level 12. HP: 67/97 MP: 12/12
  8670 | D:11     | Killed a two-headed ogre
  8671 | D:11     | Reached skill level 10 in Fighting
  8681 | D:11     | XOM: noise
  8828 | D:11     | Reached **** piety under Wu Jian
  9180 | D:12     | Noticed a two-headed ogre
  9187 | D:12     | Killed a two-headed ogre
  9236 | D:12     | Noticed an occultist
  9236 | D:12     | Noticed a death knight
  9252 | D:12     | Noticed a two-headed ogre
  9283 | Lair:1   | Entered Level 1 of the Lair of Beasts
  9296 | Lair:1   | XOM: silly message
  9415 | Lair:1   | Reached skill level 1 in Evocations
  9420 | Lair:1   | Reached skill level 2 in Evocations
  9426 | Lair:1   | Reached skill level 3 in Evocations
  9487 | Lair:1   | Reached skill level 4 in Evocations
  9531 | Lair:1   | Reached skill level 5 in Evocations
  9566 | Lair:1   | Reached skill level 6 in Evocations
  9644 | Lair:1   | Identified the ring of Accord {Wiz rF+}
  9689 | Lair:1   | Reached skill level 7 in Evocations
 10085 | Lair:1   | Identified a scroll of acquirement
 10085 | Lair:1   | Acquired a +1 scimitar of electrocution
 10136 | Lair:2   | Reached skill level 8 in Evocations
 10248 | Lair:2   | Noticed an eight-headed hydra
 10257 | Lair:2   | Killed an eight-headed hydra
 10333 | Lair:2   | Reached skill level 9 in Evocations
 10386 | Lair:2   | Found a hole to the Spider Nest.
 10452 | Lair:2   | Reached skill level 10 in Evocations
 10460 | Lair:2   | Reached XP level 13. HP: 73/105 MP: 13/13
 10771 | Lair:2   | Reached ***** piety under Wu Jian
 10772 | Lair:2   | Reached skill level 10 in Dodging
 10783 | Lair:2   | Reached skill level 11 in Evocations
 10859 | Lair:2   | XOM: scenery: summon butterflies
 11402 | Lair:3   | Noticed Posi's ghost (journeyman MDFi)
 11404 | Lair:3   | Found a transporter.
 11463 | Lair:3   | Noticed Urug
 11474 | Lair:3   | Killed Urug
 11522 | Lair:3   | Reached skill level 12 in Evocations
 11617 | Lair:3   | Found a transporter.
 11648 | Lair:3   | Noticed Rupert
 11658 | Lair:3   | HP: 2/108 [Rupert/+0 great mace of protection (28)]
 12059 | Lair:3   | Found a staircase to the Shoals.
 12162 | Lair:3   | Killed Rupert
 12370 | Lair:4   | Identified the +0 ring mail of Heaqakh {Will+}
 12635 | Lair:4   | Reached XP level 14. HP: 110/116 MP: 14/14
 12760 | Lair:4   | Reached skill level 13 in Evocations
 12798 | Lair:3   | XOM: noise
 13001 | Lair:4   | XOM: give mutations
 13001 | Lair:4   | Gained mutation: You are somewhat resistant to further
                  | mutation. [Xom's mischief]
 13001 | Lair:4   | Lost mutation: Your flesh is heat resistant. (rF+) [Xom's
                  | mischief]
 13131 | Lair:4   | XOM: give mutation
 13131 | Lair:4   | Lost mutation: You are somewhat resistant to further
                  | mutation. [Xom's mischief]
 13131 | Lair:4   | Gained mutation: You have hidden genetic potential. [Xom's
                  | mischief]
 13388 | Orc:1    | Entered Level 1 of the Orcish Mines
 13775 | Orc:1    | Found Ojisoac's Jewellery Boutique.
 13820 | Orc:1    | Found a burning altar of Makhleb.
 13845 | Orc:1    | Found a roughly hewn altar of Beogh.
 14014 | Orc:2    | Entered Level 2 of the Orcish Mines
 14150 | Orc:1    | XOM: give mutations
 14150 | Orc:1    | Lost mutation: You have hidden genetic potential. [Xom's
                  | mischief]
 14150 | Orc:1    | Gained mutation: You are somewhat resistant to further
                  | mutation. [Xom's mischief]
 14150 | Orc:1    | Lost mutation: You are clumsy. (Dex -2) [Xom's mischief]
 14358 | Orc:2    | XOM: chaos upgrade
 14358 | Orc:2    | Was forgiven by Xom
 14471 | Orc:2    | Found a roughly hewn altar of Beogh.
 14528 | Orc:2    | Reached skill level 14 in Evocations
 14567 | Orc:2    | Found Duuhifio's Book Emporium.
 14567 | Orc:2    | Found Alahaenn's Antique Armour Emporium.
 14568 | Orc:2    | Found Bumn's Armour Shoppe.
 14572 | Orc:2    | Found Akeitiwu's Jewellery Shoppe.
 14576 | Orc:2    | Bought a pair of translucent gloves for 266 gold pieces
 14576 | Orc:2    | Identified the +0 pair of gloves "Juocreco" {Str+5 Int+3}
                  | (You bought it in a shop on level 2 of the Orcish Mines)
 14583 | Orc:2    | Bought a +4 ring of slaying for 1092 gold pieces
 14703 | Orc:2    | Found a staircase to the Elven Halls.
 15158 | D:12     | Found Arhuicowk's General Store.
 15303 | D:12     | Noticed an orc warlord
 15312 | D:12     | Killed an orc warlord
 15542 | D:12     | Identified the ring "Vit Myck" {rC+ Stlth+}
 15543 | D:12     | Got the Precepts of Debased Ceremonies and the Geologist
 15673 | D:13     | Found a gate to the Vaults.
 15674 | D:13     | Reached skill level 5 in Armour
 15679 | D:13     | Reached XP level 15. HP: 124/124 MP: 15/15
 15885 | D:13     | Found a stormy altar of Qazlal.
 16866 | D:14     | Found the +18 Lear's hauberk
 16924 | D:14     | Got the -2 pair of gloves of the Contumacious God {rElec
                  | Will+}
 17537 | Lair:5   | Entered Level 5 of the Lair of Beasts
 17540 | Lair:5   | Found a staircase to the Slime Pits.
 17666 | Lair:5   | Identified the +7 trident of Proximity {freeze, rN+ Stlth+}
 17759 | Lair:5   | Identified the +5 plate armour "Nuetusys" {rF+ rC+ Stlth+}
 17935 | Lair:5   | Reached skill level 10 in Armour
 17937 | Lair:5   | Reached ****** piety under Wu Jian
 18252 | Lair:5   | Found a burning altar of Makhleb.
 18676 | Lair:5   | Found a gateway to Hell.
 18997 | D:15     | Entered Level 15 of the Dungeon
 19019 | D:15     | Found a staircase to the Depths.
 19098 | D:15     | Reached XP level 16. HP: 131/131 MP: 16/16
 19748 | Spider:1 | Entered Level 1 of the Spider Nest
 19982 | Spider:1 | You fall into a shaft and drop 1 floor!
 19995 | Spider:2 | Noticed Arachne
 20001 | Spider:2 | Killed Arachne
 20310 | Spider:1 | Reached skill level 15 in Evocations
 21346 | Spider:3 | Slain by a demonic crawler

Illustrated notes

Levels and vault maps discovered:
D:1:      amcnicky_arrival_underground_garden, layout_rooms, serial_forest,
          infiniplex_forest_lined_4_way, infiniplex_forest_lined_2,
          infiniplex_forest_zigzag_1, infiniplex_forest_clump_medium,
          infiniplex_forest_straight_5, infiniplex_forest_lined_3_way,
          chequers_serial_rivers_room_b, minivault_24
D:2:      layout_loops_ring, kennysheep_boxes, uniq_robin
D:3:      layout_loops_ring, serial_shops, nicolae_shop_real_fake_doors,
          mrwooster_statue_mirror, roderic_batcave
D:4:      layout_basic, hangedman_feature_mirror, minmay_box_of_dots
D:5:      dreamdust_elfheim, layout_rooms, mainiacjoe_overflow_swirl,
          serial_shops, nicolae_shop_hallway_stairs, chequers_big_river,
          uniq_menkaure
D:6:      layout_basic, temple_hall, serial_undead, serial_undead_e,
          serial_undead_c, serial_undead_e, serial_undead_e, serial_undead_e,
          serial_undead_d, minmay_fractal_squares_gapless_5
D:7:      layout_loops_ring, enter_bailey_2, grunt_ogre_cave, uniq_jeremiah
D:8:      layout_cave_pools, serial_glass, glass_columns_a, glass_columns_a,
          uniq_joseph, uniq_pikel
D:9:      layout_long_grid, serial_shops, shop
D:10:     layout_basic, grunt_temple_overflow_open
D:11:     layout_cave_pools, hellmonk_lair_entry_icy, zombieorc2_lemuel
D:12:     minmay_the_grid_plus [minmay_the_grid_armoury,
          minmay_the_grid_minigrid_small_alt, minmay_the_grid_spikes,
          minmay_the_grid_minigrid_small,
          minmay_the_grid_prize_shrinking_boxes], layout_cave_pools,
          serial_shops, nicolae_shop_peninsula, bh_walls_and_bars
D:13:     layout_loops_corners, david_vaults_2, chequers_serial_rivers_marsh,
          nicolae_qazlal_scattered_showers
D:14:     layout_roguey, serial_park_tiny_2, hellmonk_guarded_unrand_lears
D:15:     gammafunk_depths_entry_grave, layout_long_grid, nrook_mini_backslash
Temple:   nicolae_temple_two_arcs
Lair:1:   layout_chaotic_city, grunt_megastairs_1
Lair:2:   nzn_winding_woodlands_three_and_one
          [nzn_winding_woodlands_5x15_river_crossing,
          nzn_winding_woodlands_5x15_parted, nzn_winding_woodlands_5x15_pool,
          nzn_winding_woodlands_center_triple_pond], layout_regular_city,
          nicolae_spider_entry_tight_spaces, grunt_forest_stairs_clearing,
          infiniplex_staircase_pool_2
Lair:3:   layout_regular_city, elwin_shoals_entry_rooms, gammafunk_ghost_arena,
          uniq_urug, uniq_rupert
Lair:4:   layout_gridlike
Lair:5:   evil_forest, layout_gridlike, slime_entry_1,
          pdpol_lair_neglected_garden, nicolae_lair_time_for_slime,
          lemuel_fruit_tree
Spider:1: layout_spider_delve
Spider:2: layout_spider_delve, nicolae_spider_wall_of_niches, uniq_arachne
Spider:3: layout_spider_delve
Orc:1:    layout_diamond_mine, basic_altar, serial_shops,
          nicolae_shop_hallway_stairs, regret_index_minedec_guest_junction,
          bloody_makhleb
Orc:2:    st_orc_mages, layout_caves, basic_altar

Skill      XL: |  1  2  3  4  5  6  7  8  9 10 11 12 13 14 15 16 |
---------------+-------------------------------------------------+-----
Long Blades    | 4 5 6 7 9 10 12 13 14 | 14.0
Dodging        | 2 4 6 8 9 11 12 | 12.7
Fighting       | 5 7 9 10 12 13 14 | 14.2
Evocations     | 10 12 14 15 | 15.4
Armour         | 5 11 12 | 12.5

Action                     |  1- 3 |  4- 6 |  7- 9 | 10-12 | 13-15 | 16-18 || total
---------------------------+-------+-------+-------+-------+-------+-------++-------
  Melee: Falchion          |    34 |   210 |   404 |   230 |       |       ||   878
         Short sword       |       |       |       |   214 |       |       ||   214
         Scimitar          |       |       |       |   301 |  1392 |   316 ||  2009
         Long sword        |       |       |       |   220 |       |       ||   220
  Throw: Throwing net      |       |       |       |     3 |       |       ||     3
 Invoke: Serpent's Lash    |       |       |       |       |     2 |       ||     2
         Heavenly Storm    |       |       |       |       |     2 |       ||     2
Ability: Lunge             |       |       |    11 |    51 |    98 |    15 ||   175
         Whirlwind         |       |       |       |    45 |    16 |     4 ||    65
  Evoke: Wand              |       |       |     1 |    11 |    22 |       ||    34
         Tin of tremorston |       |       |       |       |     5 |       ||     5
         Phantom mirror    |       |       |       |       |     1 |       ||     1
    Use: Scroll            |       |     3 |     2 |    17 |    13 |     3 ||    38
         Potion            |       |       |     2 |     3 |     4 |     3 ||    12
   Stab: Sleeping          |       |     3 |       |     3 |     2 |     1 ||     9
         Petrifying        |       |     1 |     4 |     1 |       |       ||     6
         Paralysed         |       |       |     2 |     1 |       |       ||     3
         Distracted        |       |       |     1 |     1 |     1 |       ||     3
         Confused          |       |       |     6 |     1 |       |       ||     7
         Petrified         |       |       |     9 |       |       |       ||     9
         Held in net/web   |       |       |       |     4 |       |       ||     4
 Armour: Leather armour    |    23 |   115 |       |       |       |       ||   138
         Ring mail         |       |    18 |   262 |   346 |   503 |   149 ||  1278
  Dodge: Dodged            |    17 |   124 |   217 |   302 |   492 |   146 ||  1298

Table legend: (Time is in decaauts)
 A = Elapsed time spent in this place.
 B = Non-inter-level travel time spent in this place.
 C = Inter-level travel time spent in this place.
 D = Time resting spent in this place.
 E = Time spent auto-exploring this place.
 F = Levels seen in this place.
 G = Mean time per level.
                   A        B        C        D        E       F      G
               +--------+--------+--------+--------+--------+-----+--------+
         Total |  21896 |  19911 |   1985 |    167 |  15086 |  27 |  811.0 |
       Dungeon |  12365 |  11174 |   1191 |    132 |   8335 |  15 |  824.3 |
        Temple |     22 |     11 |     11 |      0 |      0 |   1 |   22.0 |
          Lair |   5896 |   5286 |    610 |     35 |   4192 |   5 | 1179.2 |
   Spider Nest |   1626 |   1594 |     32 |      0 |   1318 |   3 |  542.0 |
  Orcish Mines |   1562 |   1422 |    140 |      0 |   1010 |   2 |  781.0 |
        Bailey |    422 |    422 |      0 |      0 |    231 |   1 |  422.0 |
               +--------+--------+--------+--------+--------+-----+--------+

Top non-repeatable levels by time:
  Lair:2: 1336 daAuts
  Lair:5: 1315 daAuts
  Lair:3: 1209 daAuts
    D:10: 1061 daAuts
  Lair:4: 1036 daAuts
    D:13: 1019 daAuts
     D:5: 1005 daAuts
  Lair:1: 998 daAuts
     D:7: 919 daAuts
    D:11: 886 daAuts
     D:6: 870 daAuts
    D:14: 851 daAuts
     D:2: 849 daAuts
     D:9: 836 daAuts
    D:12: 831 daAuts
